AoeStats
← CovidBryan

Lombardia

508712149Analyzed
2v2 RM · 9d ago on Sep 23, 2026· 44m 50s· 4 players
Game mode
Random Map
Map size
Medium (4 player)
Population
200
Speed
Normal
Resources
Standard
Victory
Conquest
Starting age
Dark Age
Ending age
Imperial Age
RankedLock teamsTeams togetherTeam positionsShared explorationLock speedFull tech treeHidden civsTurbo modeCheats
Victory
Defeat
🇪🇸 Bulgarians · Spain
1129
+13
🇺🇸 Spanish · United States
1015
+18
🇷🇴 Poles · Romania
1067
-16
🇺🇸 Tatars · United States
1040
-15
Citizzen
0:41 Loom
11:47 Feudal Age
15:13 Forging
15:49 Bloodlines
16:22 Horse Collar
16:29 Double-Bit Axe
22:37 Castle Age
23:17 Wheelbarrow
23:57 Heavy Plow
24:10 Bow Saw
24:40 Husbandry
24:49 Scale Barding Armor
25:53 Hand Cart
29:49 Iron Casting
32:31 Chain Barding Armor
33:45 Szlachta Privileges
37:26 Town Watch
41:45 Imperial Age
43:03 Cavalier
44:51 Blast Furnace
44:15 Conscription
X Saint
5:28 Loom
11:05 Feudal Age
18:13 Castle Age
17:04 Forging
19:06 Bloodlines
18:57 Double-Bit Axe
22:19 Bow Saw
21:51 Horse Collar
23:54 Fletching
33:54 Bodkin Arrow
37:32 Ballistics
39:19 Husbandry
42:37 Imperial Age
CovidBryan
3:20 Loom
7:27 Loom
12:15 Feudal Age
21:02 Castle Age
19:51 Bloodlines
20:38 Scale Barding Armor
20:44 Forging
22:25 Gold Mining
23:10 Chain Barding Armor
23:40 Horse Collar
27:21 Iron Casting
36:07 Imperial Age
35:57 Double-Bit Axe
36:15 Heavy Plow
37:28 Plate Barding Armor
37:54 Blast Furnace
36:18 Cavalier
38:11 Wheelbarrow
43:21 Capped Ram
xElmaximox
5:12 Loom
9:41 Feudal Age
10:57 Double-Bit Axe
17:23 Castle Age
19:10 Horse Collar
20:25 Heavy Plow
24:51 Coinage
25:37 Husbandry
26:14 Padded Archer Armor
34:21 Imperial Age
34:51 Sanctity
35:31 Conscription
35:51 Banking
35:39 Leather Archer Armor
37:30 Wheelbarrow
39:11 Hand Cart
45:04 Inquisition
44:25 Elite Conquistador
Connection lost

Rejoining the realm…

Still unreachable

The connection could not be restored.

Session expired

The server has moved on; the page needs a fresh start.